 Dungeon Crawl Stone Soup version 0.27-a0-1051-g288ea87c7c (webtiles) character file.

Game seed: 15216996079729959570

10509 vhaine the Severer (level 11, -21/89 HPs)
             Began as a Minotaur Fighter on Apr 21, 2021.
             Was an Elder of Ashenzari.
             Killed from afar by a ynoxinul (30 damage)
             ... with an iron shot
             ... summoned by a kobold demonologist
             ... on level 11 of the Dungeon.
             The game lasted 00:28:11 (11243 turns).

vhaine the Severer (Minotaur Fighter)              Turns: 11243, Time: 00:28:12

Health: -21/89     AC: -11   Str: 24    XL:     11   Next: 37%
Magic:  10/10      EV:  7    Int:  5    God:    Ashenzari [****..]
Gold:   278        SH: 10    Dex: 10    Spells: 10/10 levels left

rFire    + . .     SeeInvis +   a - +0 war axe of Ouranomancy {Alch, Elem} (curse)
rCold    . . .     Faith    .   c - +0 kite shield of Ashenzari's Skepticism {Self, Evo} (curse)
rNeg     . . .     Spirit   .   g - +0 chain mail "Loss of Ashenzari" {Evo, Melee} (curse)
rPois    .         Reflect  .   M - +2 hat "All-seeing Irritation" {Fort, Melee} (curse)
rElec    .         Harm     .   (no cloak)
rCorr    .         Rampage  .   y - +0 pair of gloves of Ashenzari's Fetters {Elem, Comp} (curse)
Will     .....     Clarity  +   (no boots)
Stlth    ..........             (no amulet)
HPRegen  0.24/turn              e - ring "Manifest Discomfort" {AC+4, Elem, Range} (curse)
MPRegen  0.12/turn              j - ring of the Shackled Fetters {rF+, Elem, Range} (curse)

@: about to teleport, corroded
A: horns 2, retaliatory headbutt
a: Renounce Religion, Curse Item, Shatter the Chains


You were on level 11 of the Dungeon.
You worshipped Ashenzari.
Ashenzari was greatly pleased with you.
You visited 1 branch of the dungeon, and saw 11 of its levels.
You also visited: Ossuary.

You collected 534 gold pieces.
You spent 256 gold pieces at shops.

Inventory:

Hand Weapons
 a - the cursed +0 war axe of Ouranomancy (weapon) {Alch, Elem}

   It has a curse which improves the following skills: Alchemy: Poison Magic and
   Transmutations.
   Elements:  Fire Magic, Ice Magic, Air Magic and Earth Magic.
Missiles
 z - 3 atropa-tipped darts
 D - 5 throwing nets (quivered)
Armour
 b - a +0 scale mail
 c - the cursed +0 kite shield of Ashenzari's Skepticism (worn) {Self, Evo}

   It has a curse which improves the following skills: Introspection: Fighting
   and Spellcasting.
   Evocations: Evocations.
 g - the cursed +0 chain mail "Loss of Ashenzari" (worn) {Evo, Melee}
   (You found it on level 1 of the Dungeon)

   It has a curse which improves the following skills: Evocations: Evocations.
   Melee Combat: Short Blades, Long Blades, Axes, Maces & Flails, Polearms,
   Staves and Unarmed Combat.
 r - a scarf of harm
 y - the cursed +0 pair of gloves of Ashenzari's Fetters (worn) {Elem, Comp}
   (You found it on level 5 of the Dungeon)

   It has a curse which improves the following skills: Elements: Fire Magic, Ice
   Magic, Air Magic and Earth Magic.
   Companions: Summonings and Necromancy.
 L - a scarf of invisibility
 M - the cursed +2 hat "All-seeing Irritation" (worn) {Fort, Melee}
   (You bought it in a shop on level 8 of the Dungeon)

   It has a curse which improves the following skills: Fortitude: Armour and
   Shields.
   Melee Combat: Short Blades, Long Blades, Axes, Maces & Flails, Polearms,
   Staves and Unarmed Combat.
Jewellery
 e - the cursed ring "Manifest Discomfort" (left hand) {AC+4, Elem, Range}
   (You found it on level 3 of the Dungeon)

   [ring of protection]

   It affects your AC (+4).
   It has a curse which improves the following skills: Elements: Fire Magic, Ice
   Magic, Air Magic and Earth Magic.
   Ranged Combat: Slings, Bows, Crossbows and Throwing.
 j - the cursed ring of the Shackled Fetters (right hand) {rF+, Elem, Range}
   (You found it on level 1 of the Dungeon)

   [ring of protection from fire]

   It protects you from fire.
   It has a curse which improves the following skills: Elements: Fire Magic, Ice
   Magic, Air Magic and Earth Magic.
   Ranged Combat: Slings, Bows, Crossbows and Throwing.
 k - a +6 ring of intelligence
 o - a ring of protection from cold
 C - a ring of protection from cold
 N - a ring of ice
Wands
 p - a wand of acid (17)
 s - a wand of digging (9)
 x - a wand of flame (9)
 A - a wand of charming (11)
 E - a wand of polymorph (9)
 I - a wand of iceblast (5)
Scrolls
 f - 12 scrolls of identify
 i - 4 scrolls of fear
 l - a scroll of summoning
 n - 3 scrolls of enchant armour
 q - 2 scrolls of teleportation
 u - 5 scrolls of immolation
 v - 11 scrolls of noise
 H - 2 scrolls of amnesia
 J - a scroll of vulnerability
 K - 2 scrolls of torment
Potions
 d - 2 potions of flight
 h - 4 potions of mutation
 m - 2 potions of curing
 t - 2 potions of resistance
 w - 9 potions of degeneration
 B - a potion of ambrosia
 F - a potion of brilliance
 G - 2 potions of lignification
 O - a potion of invisibility


   Skills:
 - Level 3.6(5.7) Fighting
 - Level 17.1(20.0) Axes
 + Level 11.6(13.6) Armour
 - Level 3.6(5.7) Shields


You had 10 spell levels left.
You didn't know any spells.
Your spell library contained the following spells:

 Spells                   Type           Power      Damage    Failure   Level
 Freeze                   Ice            0%         1d3       99%         1
 Animate Skeleton         Necr           0%         N/A       100%        1
 Apportation              Tloc           0%         N/A       100%        1
 Corona                   Hex            0%         N/A       100%        1
 Pain                     Necr           0%         1d4       100%        1
 Summon Small Mammal      Summ           0%         N/A       100%        1
 Frozen Ramparts          Ice            0%         1d2       100%        3
 Ozocubu's Armour         Ice            0%         N/A       100%        3
 Vampiric Draining        Necr           0%         2d6       100%        3
 Animate Dead             Necr           0%         N/A       100%        4
 Hailstorm                Conj/Ice       0%         3d3       100%        4
 Agony                    Necr           0%         N/A       100%        5
 Metabolic Englaciation   Hex/Ice        0%         N/A       100%        5


Dungeon Overview and Level Annotations

Branches:
Dungeon (11/15)            Temple (0/1) D:5             Orc (0/2) D:10
Ossuary (visited)
   Lair: D:8-11

Altars:
Ashenzari
Cheibriados
Fedhas
Makhleb
Ru
Sif Muna
Uskayaw
Vehumet
Wu Jian
Yredelemnul
Zin

Shops:
D:8 [

Annotations:
D:9 1 runed translucent door, exclusions: ice statue and obsidian statue


Innate Abilities, Weirdness & Mutations

You have a pair of horns on your head.
You reflexively headbutt those who attack you in melee.


Message History

You barely miss the iron imp. You hit the kobold demonologist.
The kobold demonologist hits you with a +0 dagger.
* * * LOW HITPOINT WARNING * * *
The kobold demonologist hits you with a +0 dagger.
* * * LOW HITPOINT WARNING * * *
The crimson imp blinks!
The rust devil hits you!
* * * LOW HITPOINT WARNING * * *
The rust devil corrodes you!
You hit the kobold demonologist but do no damage.
The kobold demonologist is almost dead.
You barely miss the rust devil. You completely miss the iron imp.
You hit the kobold demonologist but do no damage.
The kobold demonologist hits you with a +0 dagger.
* * * LOW HITPOINT WARNING * * *
You block the iron imp's attack.
The kobold demonologist hits you with a +0 dagger.
* * * LOW HITPOINT WARNING * * *
You hit the kobold demonologist but do no damage.
You headbutt the kobold demonologist, but do no damage.
The kobold demonologist is almost dead.
You hit the rust devil but do no damage.
You closely miss the iron imp.
You hit the kobold demonologist but do no damage.
You block the rust devil's attack.
The kobold demonologist begins to cast a cantrip, but forgets the words!
The iron imp barely misses you.
The kobold demonologist looks braver for a moment.
You slice the kobold demonologist!!
You kill the kobold demonologist!
The iron imp disappears in a puff of smoke!
The shadow imp disappears in a puff of smoke!
The ice devil disappears in a puff of smoke!
The quasit disappears in a puff of smoke!
The rust devil disappears in a puff of smoke!
The chaos spawn degenerates into a cloud of primal chaos!
You hit the rust devil but do no damage.
You slash the kobold demonologist! The ynoxinul gestures at you.
The iron shot hits you!!
You die...

##* ##### *###.#####.###
#..53§§§#.#### ,
#.KK)4§....## ,
#{K#@#Y....#### ,
##5##§..#..#..#
*,,,,.5.##.##.....# ###
,, K{.###.#####.## ##..
*** *,...{##..#####).#
##... *,
..K.............# #....
,##.[.##.........######.#
* ,,, ,
#........######... ,,,,,
#.................


You could see a rust devil (summoned), a kobold demonologist, a yak, a ynoxinul
(summoned), 2 kobold brigands, a crimson imp (summoned) and 2 ufetubi.

Vanquished Creatures
  Harold (D:7)
  A two-headed ogre (D:8)
  Joseph (D:7)
  A gargoyle (D:11)
  A torpor snail (D:10)
  An unseen horror (D:10)
  A kobold demonologist (D:11)
  A troll (D:10)
  4 slime creatures (D:11)
  A shadow (D:10)
  A vampire (D:9)
  9 yaks (D:9)
  Menkaure (D:7)
  2 steam dragons
  3 water moccasins
  Duvessa (D:7)
  3 sky beasts
  An ice beast (D:7)
  An orc warrior (D:5)
  2 black bears
  3 centaurs
  A phantom (D:5)
  3 kobold brigands
  4 bullfrogs
  2 gnoll sergeants
  Dowan (D:7)
  A water moccasin zombie (D:5)
  3 scorpions
  A wyvern skeleton (D:7)
  14 killer bees
  5 wights (D:10)
  4 howler monkeys
  5 centaur zombies
  A jelly (D:4)
  5 hounds
  7 orc priests
  A bullfrog skeleton (D:7)
  A gnoll shaman (D:8)
  4 orc wizards (D:4)
  Natasha (thrice) (D:2)
  2 iguanas
  A killer bee zombie (D:5)
  A hound skeleton (D:4)
  5 mummies (Ossuary)
  2 howler monkey zombies
  6 adders
  11 gnolls
  An ufetubus (D:5)
  An adder skeleton (D:4)
  2 worms
  3 dart slugs
  16 orcs
  4 ball pythons
  7 endoplasms
  3 giant cockroaches
  2 gnoll zombies (Ossuary)
  7 goblins
  6 hobgoblins
  12 jackals
  7 quokkas
  7 bats
  4 frilled lizards
  3 goblin zombies (Ossuary)
  20 kobolds
  2 kobold zombies (Ossuary)
  6 rats
  A spectral orc (D:5)
248 creatures vanquished.

Vanquished Creatures (others)
  A plant (D:11)
  4 withered plants (D:1)
5 creatures vanquished.

Grand Total: 253 creatures vanquished

Notes
Turn   | Place    | Note
-------+----------+-------------------------------------------
     0 | D:1      | vhaine the Minotaur Fighter began the quest for the Orb.
     0 | D:1      | Reached XP level 1. HP: 19/19 MP: 0/0
    64 | D:1      | Reached skill level 3 in Axes
   208 | D:1      | Reached XP level 2. HP: 23/26 MP: 1/1
   498 | D:1      | Reached skill level 4 in Axes
   527 | D:1      | Found a faded altar of an unknown god.
   565 | D:1      | Became a worshipper of Ashenzari the Shackled
   976 | D:2      | Reached XP level 3. HP: 31/31 MP: 2/2
  1046 | D:2      | Noticed Natasha
  1050 | D:2      | Killed Natasha
  1051 | D:2      | Reached skill level 5 in Axes
  1223 | D:2      | Noticed Natasha
  1235 | D:2      | Killed Natasha
  1236 | D:2      | Reached XP level 4. HP: 31/39 MP: 3/3
  1470 | D:2      | Noticed Natasha
  1480 | D:2      | Killed Natasha
  1481 | D:2      | Reached skill level 6 in Axes
  1564 | D:2      | Noticed a scorpion
  1573 | D:2      | Killed a scorpion
  1574 | D:2      | Reached XP level 5. HP: 43/45 MP: 4/4
  1662 | D:2      | Reached * piety under Ashenzari
  1674 | D:2      | Reached skill level 7 in Axes
  2793 | D:3      | Reached XP level 6. HP: 41/50 MP: 5/5
  2801 | D:3      | Reached skill level 8 in Axes
  3467 | D:4      | Reached skill level 9 in Axes
  3467 | D:4      | Reached XP level 7. HP: 47/57 MP: 6/6
  3630 | D:4      | Reached skill level 10 in Axes
  3950 | D:4      | Reached ** piety under Ashenzari
  3970 | D:4      | Identified the +4 quarterstaff of Qeargh {vorpal, +Rage
                  | rElec Int-4 SInv}
  4375 | D:5      | Entered Level 5 of the Dungeon
  4375 | D:5      | Identified the +6 dagger "Gismiuj" {freeze, Str-5 Int+4}
  4412 | D:5      | Found a staircase to the Ecumenical Temple.
  4427 | D:5      | Found a snail-covered altar of Cheibriados.
  4492 | D:5      | Reached skill level 11 in Axes
  4501 | D:5      | Reached XP level 8. HP: 38/68 MP: 7/7
  4596 | D:5      | Found a sand-covered staircase.
  4601 | Ossuary  | Entered an ossuary
  5045 | D:5      | Reached skill level 12 in Axes
  5336 | D:5      | Found a radiant altar of Vehumet.
  5603 | D:5      | Found a basalt altar of Yredelemnul.
  5654 | D:5      | Reached skill level 13 in Axes
  5841 | D:6      | Reached *** piety under Ashenzari
  6085 | D:6      | Found a glowing silver altar of Zin.
  6239 | D:6      | Reached **** piety under Ashenzari
  6271 | D:6      | Reached XP level 9. HP: 69/75 MP: 8/8
  6616 | D:7      | Noticed Menkaure
  6622 | D:7      | Killed Menkaure
  6623 | D:7      | Reached skill level 14 in Axes
  6717 | D:7      | Noticed Duvessa
  6720 | D:7      | Identified the +8 whip of Absolution {flame, *Slow rC++}
  6720 | D:7      | Noticed Dowan
  6726 | D:7      | Killed Duvessa
  6736 | D:7      | Killed Dowan
  6911 | D:7      | Noticed Harold
  6921 | D:7      | Killed Harold
  6922 | D:7      | Reached skill level 15 in Axes
  7051 | D:7      | Noticed Joseph
  7064 | D:7      | Killed Joseph
  7065 | D:7      | Reached skill level 16 in Axes
  7065 | D:7      | Reached XP level 10. HP: 55/83 MP: 9/9
  7637 | D:8      | Found a blossoming altar of Fedhas.
  7812 | D:8      | Found Anamm's Armour Shoppe.
  7817 | D:8      | Bought a +2 hat for 256 gold pieces
  7843 | D:8      | Noticed a two-headed ogre
  7856 | D:8      | Killed a two-headed ogre
  7889 | D:8      | Found a sacrificial altar of Ru.
  8007 | D:8      | Reached skill level 17 in Axes
  8223 | D:9      | Found a shimmering blue altar of Sif Muna.
  8256 | D:9      | Noticed an ice statue
  8430 | D:9      | Reached skill level 5 in Armour
  9257 | D:9      | Noticed an obsidian statue
  9381 | D:9      | Found a runed translucent door.
  9381 | D:9      | Found a burning altar of Makhleb.
  9381 | D:9      | Noticed a sixfirhy
  9517 | D:10     | Entered Level 10 of the Dungeon
  9638 | D:10     | Reached XP level 11. HP: 78/89 MP: 10/10
  9699 | D:10     | Noticed a two-headed ogre
  9708 | D:10     | a two-headed ogre changed into a torpor snail
  9786 | D:10     | Found a staircase to the Orcish Mines.
  9808 | D:10     | Reached skill level 10 in Armour
 10100 | D:10     | Found a hide-covered altar of Uskayaw.
 10572 | D:10     | Found an ornate altar of the Wu Jian Council.
 11243 | D:11     | Killed from afar by a ynoxinul

Illustrated notes

Levels and vault maps discovered:
D:1:      dpeg_arrival_short_road, layout_loops_ring,
          shapermc_ecumenical_altar_flowoftime
D:2:      layout_loops_corners, minmay_close_crescents, uniq_natasha
D:3:      cheibrodos_pilgrimage, layout_loops_ring, kennysheep_potato
D:4:      layout_basic, serial_rivers, chequers_serial_rivers_large_b,
          chequers_serial_rivers_marsh, chequers_serial_rivers_room_a,
          chequers_serial_rivers_micro_d, chequers_serial_rivers_micro_e,
          chequers_serial_rivers_micro_b, minmay_quantized
D:5:      layout_loops_cross, vehumet_altar_wand_db,
          nicolae_overflow_crystal_walls, yredelemnul_forgotten_temple_becter,
          minmay_temple_entry_statues_pillars, enter_ossuary_5
D:6:      layout_cave_pods, old_standard_altar
D:7:      layout_cave_pools, st_stairs_3, uniq_duvessa, uniq_menkaure,
          uniq_joseph, uniq_harold
D:8:      layout_loops_ring, fedhas_altar_1, lemuel_tele_altar, serial_shops,
          shop, minmay_misc_feat_ornament
D:9:      minmay_separated_statues, layout_gridville,
          nicolae_sif_muna_condensation, nzn_makhleb_speed_demon
D:10:     layout_rooms, nzn_wu_jian_contemplation,
          nicolae_uskayaw_murder_on_the_dancefloor, orc_0_dummy,
          minmay_misc_feat_room
D:11:     layout_cave_pools, david_lair_generic, kennysheep_generic_room_9

Skill      XL: |  1  2  3  4  5  6  7  8  9 10 11 |
---------------+----------------------------------+-----
Axes           | 3 4 5 6 7 9 11 13 16 17 | 17.1
Armour         | 9 11 | 11.6
Fighting       | |  3.6
Shields        | |  3.6

Action                   |  1- 3 |  4- 6 |  7- 9 | 10-12 || total
-------------------------+-------+-------+-------+-------++-------
Melee: War axe           |    87 |   125 |   256 |   315 ||   783
       Headbutt          |    17 |    20 |    57 |    80 ||   174
Invok: Curse Item        |     1 |     1 |     4 |     1 ||     7
Evoke: Wand              |       |       |       |     9 ||     9
  Use: Potion            |       |     1 |     5 |     7 ||    13
       Scroll            |       |       |       |     1 ||     1
Armor: Scale mail        |     7 |       |       |       ||     7
       Chain mail        |    27 |    64 |   128 |   156 ||   375
Dodge: Dodged            |    15 |    25 |    37 |    80 ||   157
Block: Kite shield       |    45 |    72 |   113 |   173 ||   403

Table legend: (Time is in decaauts)
 A = Elapsed time spent in this place.
 B = Non-inter-level travel time spent in this place.
 C = Inter-level travel time spent in this place.
 D = Time resting spent in this place.
 E = Time spent auto-exploring this place.
 F = Levels seen in this place.
 G = Mean time per level.
                   A        B        C        D        E       F      G
               +--------+--------+--------+--------+--------+-----+--------+
         Total |  11383 |  11062 |    321 |   2715 |   6579 |  12 |  948.6 |
       Dungeon |  10969 |  10648 |    321 |   2673 |   6285 |  11 |  997.2 |
       Ossuary |    414 |    414 |      0 |     42 |    294 |   1 |  414.0 |
               +--------+--------+--------+--------+--------+-----+--------+

Top non-repeatable levels by time:
     D:2: 1370 daAuts
     D:9: 1329 daAuts
     D:4: 1263 daAuts
    D:10: 1119 daAuts
     D:5: 998 daAuts
     D:1: 989 daAuts
     D:3: 912 daAuts
     D:7: 879 daAuts
     D:8: 781 daAuts
     D:6: 752 daAuts
    D:11: 573 daAuts
 Ossuary: 414 daAuts
